Cogmind - Beta 16.1 @@@ ROGUE MODE // 2026.02.27 @ 09:12:54 Player: Qusmin Result: Destroyed by ZI-TYN(R) with Subdweller Machine Gun Performance ------------- Evolutions (0) 0 Regions Visited (2) 400 Robots Destroyed (22) 110 Value Destroyed (487) 487 Prototype IDs (2) 40 Alien Tech Used (0) 0 Bonus (0) 0 TOTAL SCORE: 1037 Bonus ------- None Cogmind --------- Core Integrity 0/250 Matter 249/300 Energy 59/100 System Corruption 3% Temperature Cool (0) Movement Walking (120) Location -10/Subcaves Parts ------- > --- POWER (1) -------- (None) > --- PROPULSION (2) --- Aluminum Leg Aluminum Leg > --- UTILITY (2) ------ Medium Storage Unit > --- WEAPON (2) ------- (None) > --- INVENTORY (10) --- Aluminum Leg Flight Unit Flight Unit Flight Unit Improved Heat Sink Datajack Mining Laser Peak State ------------ > --- POWER ------------ Light Ion Engine > --- PROPULSION ------- Aluminum Leg Aluminum Leg > --- UTILITY ---------- Improved Heat Sink Medium Storage Unit > --- WEAPON ----------- Assault Rifle Light Assault Rifle > --- INVENTORY -------- Aluminum Leg Aluminum Leg Flight Unit Flight Unit Flight Unit Large Battery Transport Network Coupler Propulsion Shielding Grenade Launcher Mining Laser [Rating: 10] Favorites ----------- Power Light Ion Engine Engine Light Ion Engine Propulsion Aluminum Leg Leg Aluminum Leg Flight Unit Flight Unit Utility Medium Storage Unit Device Heat Sink Storage Medium Storage Unit Processor Transport Network Coupler Hackware Hacking Suite Weapon Assault Rifle Energy Gun EM Pulse Gun Ballistic Gun Assault Rifle Launcher Grenade Launcher Special Weapon Mining Laser Special Melee Weapon Datajack Build | -11 -10 -10 ------- Run | Yrd Mat Sub Slots Evolved . | . . . Power . | . . . Propulsion . | . . . Utility . | . . . Weapon . | . . . Parts Attached 26 | 4 21 1 Power 3 | 1 2 . Engine 3 | 1 2 . Core . | . . . Reactor . | . . . Propulsion 8 | . 8 . Treads . | . . . Leg 6 | . 6 . Wheel . | . . . Hover . | . . . Flight 2 | . 2 . Utility 6 | 1 5 . Device 2 | . 2 . Storage 2 | 1 1 . Processor 1 | . 1 . Hackware 1 | . 1 . Protection . | . . . Artifact . | . . . Weapon 9 | 2 6 1 Energy Gun 3 | 1 2 . Energy Cannon . | . . . Ballistic Gun 2 | 1 1 . Ballistic Cannon . | . . . Launcher 2 | . 1 1 Special Weapon 1 | . 1 . Impact Weapon . | . . . Slashing Weapon . | . . . Piercing Weapon . | . . . Special Melee Weapon 1 | . 1 . Unidentified Prototypes . | . . . Parts Lost 10 | . 3 7 Power 2 | . 1 1 Propulsion 1 | . . 1 Utility 2 | . 1 1 Weapon 5 | . 1 4 Highest Loss Streak 7 | . 1 7 To Critical Strikes . | . . . Average Backups 8 | 4 8 9 Power . | . . . Propulsion 4 | 2 4 4 Utility 1 | . 1 1 Weapon 2 | 1 2 2 Tool/Special . | . . . Unused Backups 7 | . 5 2 Power . | . . . Propulsion 4 | . 2 2 Utility 2 | . 2 . Weapon 1 | . 1 . Tool/Special . | . . . Average Slot Usage (%) 99 | . 99 94 Engine 13 | . 13 12 Leg 27 | . 27 26 Device 7 | . 8 . Storage 14 | . 14 14 Processor 3 | . 3 . Hackware 2 | . 1 14 Energy Gun 6 | . 6 10 Ballistic Gun 17 | . 18 10 Special Weapon 1 | . 1 . Peak Build Rating 10 | 4 10 10 Average Rating 8 | 2 8 9 On Entrance 4 | . 4 10 Avg Prop Armor Cover (%) . | . . . Naked Turns . | . . . Heaviest Build 18 | 12 18 18 Greatest Support 20 | 3 20 20 Greatest Overweight (x) 3 | 3 . . Average Overweight (x) . | 2 . . Largest Inventory Capacity 10 | 8 10 10 Average Capacity 9 | 7 9 10 Most Carried 10 | 8 10 10 Average Carried 8 | 5 8 9 Final Capacity 10 | 8 10 10 Final Carried 10 | 6 10 7 Class Distribution -------------------- 61% | Mutant 38% | Scavenger-Mutant Dominant Class ---------------- Mutant | -10/Materials Scavenger-Mutant | -10/Subcaves Resources | -11 -10 -10 ----------- Run | Yrd Mat Sub Matter Collected 821 | 215 578 28 Remotely . | . . . Salvage Created 710 | . 700 10 Parts 37 | . 37 . Haulers Intercepted 2 | . 2 . Recyclers Shooed 1 | . 1 . Parts Field Recycled . | . . . Retrieved Matter . | . . . Parts Self-Destructed 4 | . . 4 Prevented . | . . . Parts Restored . | . . . Kills | -11 -10 -10 ------- Run | Yrd Mat Sub Combat Hostiles Destroyed 16 | . 15 1 Guns 12 | . 12 . AOE 4 | . 3 1 Classes Destroyed 6 | . 5 1 Hauler 2 | . 2 . Recycler 1 | . 1 . Watcher 3 | . 3 . Swarmer 6 | . 6 . Grunt 9 | . 9 . Subdweller 1 | . . 1 Best Kill Streak 4 | . 4 1 Combat Bots Only 4 | . 4 1 Max Kills in Single Turn 2 | . 2 1 Gunslinging . | . . . Exploded 2 | . 2 1 Melee . | . . . Uniques/NPCs Destroyed . | . . . Combat | -11 -10 -10 -------- Run | Yrd Mat Sub Hostile Shots Fired 121 | . 84 37 Missed 43 | . 32 11 Hits 78 | . 52 26 Projectile 78 | . 52 26 AOE 1 | . . 1 Critical Strikes 1 | . 1 . Damage Taken 1268 | . 638 630 Core 264 | . 78 186 Absorbed by Shields . | . . . Core Remaining (%) 100 | 100 . . Volleys Fired 95 | . 88 7 Largest 2 | . 2 1 Hottest 100 | . 100 40 Shots Fired 140 | . 133 7 Gun 114 | . 111 3 Cannon . | . . . Launcher 10 | . 6 4 Special 16 | . 16 . Kinetic 72 | . 70 2 Thermal 28 | . 28 . Explosive 10 | . 6 4 Electromagnetic 30 | . 29 1 Robot Hit Streak 11 | . 11 7 Robot Miss Streak 4 | . 4 1 Penetration Max . | . . . Secondary Targets . | . . . Shots Hit Robots 83 | . 78 5 Core Hits 43 | . 38 5 Critical Kills . | . . . Critical Parts Destroyed . | . . . Critical Strikes . | . . . Melee Attacks 3 | . 3 . Impact . | . . . Slashing . | . . . Piercing . | . . . Sneak Attacks 3 | . 3 . Combat Hostiles . | . . . Follow-up Attacks . | . . . Damage Inflicted 1551 | . 1079 472 Guns 943 | . 917 26 Cannons . | . . . Explosions 608 | . 162 446 Melee . | . . . Ramming . | . . . Kinetic 580 | . 554 26 Thermal 89 | . 89 . Explosive 608 | . 162 446 Electromagnetic 274 | . 274 . Impact . | . . . Slashing . | . . . Piercing . | . . . Highest Corruption 3 | . 3 3 Average Corruption 2 | . 2 3 Corruption Purged . | . . . Corruption Blocked . | . . . Effects 37 | . 36 1 Message Errors 9 | . 9 . Matter Fused 5 | . 5 . Heat Flow Errors 2 | . 2 . Energy Discharges 9 | . 9 . Parts Rejected 1 | . 1 . Data Loss (minor) 4 | . 3 1 Data Loss (major) 1 | . 1 . Misfires 1 | . 1 . Alerts 4 | . 4 . Weapon Failures 1 | . 1 . Overload Shots . | . . . Overflow Damage . | . . . Projectiles . | . . . Explosions . | . . . Melee . | . . . Knockbacks . | . . . Impact . | . . . Kinetic . | . . . Secondary . | . . . Self-Inflicted Damage . | . . . Shots . | . . . Rammed . | . . . Targets Rammed . | . . . Kicked . | . . . Crushed . | . . . Highest Temperature 151 | . 151 . Average Temperature 41 | . 41 . Received Heat Transfer 387 | . 285 102 Siege Activations . | . . . Martial Activations . | . . . Shielding Activations . | . . . Robots Disrupted . | . . . Combat Hostiles . | . . . Robots Corrupted . | . . . Combat Hostiles . | . . . Parts Fried 2 | . 2 . Impact Corruptions . | . . . Robots Melted . | . . . Combat Hostiles . | . . . Parts Melted . | . . . Heat Transferred 259 | . 259 . Parts Sabotaged . | . . . Parts Stolen . | . . . Parts Stripped . | . . . Power Chain Reactions . | . . . Alert | -11 -10 -10 ------- Run | Yrd Mat Sub Maximum Alert Level . | . . . Low Security (%) 100 | 100 100 . Level 1 . | . . . Level 2 . | . . . Level 3 . | . . . Level 4 . | . . . Level 5 . | . . . High Security . | . . . Max Security . | . . . Peak Influence 195 | . 195 . Initial . | . . . Average 66 | . 68 . Influence Increases 539 | . 539 . Destroy 0b10 Robot/C 300 | . 300 . Destroy 0b10 Robot/NC 30 | . 30 . Destroy Leader 100 | . 100 . Successful Hack 26 | . 26 . Disable Machine 15 | . 15 . Destroy Structure 23 | . 23 . Lose Combat Pursuer 45 | . 45 . Influence Decreases 539 | . 366 173 Entered New Map 84 | . . 84 Time Decay 399 | . 349 50 Lost Part 56 | . 17 39 Squads Dispatched 6 | . 6 . Investigation 2 | . 2 . Extermination . | . . . Reinforcement 4 | . 4 . Assault . | . . . Garrison . | . . . Intercept . | . . . Searches Triggered . | . . . Construction Impeded . | . . . Haulers Reinforced . | . . . Active Scanning Responses . | . . . Cargo Convoy Interrupts . | . . . Stealth | -11 -10 -10 --------- Run | Yrd Mat Sub Distress Signals 3 | . 3 . Communications Jammed . | . . . Distress Signals . | . . . Times Spotted 31 | . 24 7 Peak Tracking Total 6 | . 5 6 Tactical Retreats 2 | . 2 . Traps | -11 -10 -10 ------- Run | Yrd Mat Sub Traps Triggered 7 | . 7 . Indirectly . | . . . Trap Hack Attempts . | . . . Triggered . | . . . Disarmed 2 | . 2 . Reprogrammed . | . . . Reused . | . . . Traps Extracted . | . . . Installed . | . . . Triggered . | . . . Machines | -11 -10 -10 ---------- Run | Yrd Mat Sub Machines Disabled 1 | . 1 . Max in Single Turn 1 | . 1 . Machines Repaired . | . . . Machines Dismantled . | . . . Machines Sabotaged . | . . . Overloaded Fab Kills . | . . . Hacking | -11 -10 -10 --------- Run | Yrd Mat Sub Machines Accessed 6 | . 6 . Terminals 4 | . 4 . Fabricators . | . . . Repair Stations . | . . . Recycling Units 2 | . 2 . Scanalyzers . | . . . Garrison Access . | . . . Total Hacks 13 | . 13 . Successful 7 | . 7 . Failed 6 | . 6 . Catastrophic 1 | . 1 . Database Lockouts . | . . . Manual 1 | . 1 . Terminals 9 | . 9 . Fabricators . | . . . Repair Stations . | . . . Recycling Units 4 | . 4 . Scanalyzers . | . . . Garrison Access . | . . . Terminal Hacks 5 | . 5 . Prototype ID Bank 1 | . 1 . Emergency Access Points 1 | . 1 . Terminal Index 1 | . 1 . Disarm Traps 1 | . 1 . Dispatch Records 1 | . 1 . Fabricator Hacks . | . . . Repair Station Hacks . | . . . Recycling Unit Hacks 2 | . 2 . Report Inventory 2 | . 2 . Scanalyzer . | . . . Garrison Access Hacks . | . . . Unauthorized Hacks . | . . . Terminals . | . . . Fabricators . | . . . Repair Stations . | . . . Recycling Units . | . . . Scanalyzers . | . . . Garrison Access . | . . . Data Cores Recovered . | . . . Used . | . . . Hacking Detections 4 | . 4 . Full Trace Events . | . . . Feedback Events . | . . . Feedback Blocked . | . . . Robot Schematics Acquired . | . . . Robots Built . | . . . Authchips . | . . . Time . | . . . Total Robot Build Rating . | . . . Part Schematics Acquired . | . . . Parts Built . | . . . Authchips . | . . . Time . | . . . Total Part Build Rating . | . . . Part Studies Acquired . | . . . Parts Repaired . | . . . Time . | . . . Parts Recycled . | . . . Recycled Matter . | . . . Retrieved Matter . | . . . Retrieved Components . | . . . Parts Scanalyzed . | . . . Part Schematics Acquired . | . . . Parts Damaged . | . . . Bothacking | -11 -10 -10 ------------ Run | Yrd Mat Sub Used RIF Installer . | . . . Robots Hacked 1 | . 1 . Non-combat 1 | . 1 . Combat . | . . . Robot Hacks Applied 3 | . 3 . parse_system 1 | . 1 . no_distress 1 | . 1 . check_alert 1 | . 1 . Relay Couplers Released . | . . . Fabnet Peak Effective % . | . . . Robots Rewired . | . . . Allies Hacked . | . . . Hacks Repelled . | . . . Allies | -11 -10 -10 -------- Run | Yrd Mat Sub Total Allies . | . . . Largest Group . | . . . Highest-Rated Group . | . . . Highest-Rated Ally . | . . . Total Orders . | . . . Ally Attacks . | . . . Total Damage . | . . . Kills . | . . . Allies Corrupted . | . . . Allies Melted . | . . . Intel | -11 -10 -10 ------- Run | Yrd Mat Sub Active Infowar (turns) 687 | . 687 . T.N.C. 687 | . 687 . Robot Analysis Total . | . . . Derelict Logs Recovered . | . . . Drone Launches . | . . . Drone Recoveries . | . . . Exploration | -11 -10 -10 ------------- Run | Yrd Mat Sub Turns Passed 2574 | 72 2377 125 Spaces Moved 1568 | 39 1440 89 Core 39 | 39 . . Treads . | . . . Legs 1529 | . 1440 89 Wheels . | . . . Hover . | . . . Flight . | . . . Fastest Speed 50 | 50 120 120 Average Speed 120 | 156 120 120 Slowest Speed 200 | 200 120 120 Overloaded Moves . | . . . Propulsion Burnouts . | . . . Robots Hopped . | . . . Potential Cave-ins . | . . . Cave-ins Triggered . | . . . Exploration Rate (%) 34 | 3 97 4 Regions Visited 2 Branch Regions 1 Pre-discovered Areas . | . . . Known Exits Taken . | . . . Unknown Exits Taken 2 | 1 1 . Scrap Searched . | . . . Spaces Dug 15 | . 15 . Terrain Destroyed 47 | . 24 23 Melee . | . . . Projectile 15 | . 15 . AOE 32 | . 9 23 Terrain Rammed . | . . . Walls Destroyed . | . . . Machines Disabled . | . . . Actions | -11 -10 -10 --------- Run | Yrd Mat Sub Total 2073 | 50 1923 100 Wait 323 | . 323 . Move 1566 | 38 1439 89 Hop . | . . . Pick Up 29 | 8 21 . Fast Attach 4 | 2 2 . Attach 12 | 2 7 3 Detach . | . . . Swap 26 | . 25 1 Drop 15 | . 15 . Fire 95 | . 88 7 Melee 3 | . 3 . Ram . | . . . Kick . | . . . Crush . | . . . Escape Stasis . | . . . Rewire . | . . . Trap . | . . . Miscellaneous . | . . . Route ------- -11/Scrapyard -10/Materials (discovered 5 exits: [*Mat x3] / [*Min] / [*Sub]) -10/Subcaves History --------- Turn | Location | Event 19 | -11/Scrapyard | Discovered new exit (range 15) 73 | -11/Scrapyard | Entered Materials 291 | -10/Materials | Discovered new exit (range 5) 301 | -10/Materials | Build established: Mutant 482 | -10/Materials | Discovered new exit (range 3) 908 | -10/Materials | Discovered new exit (range 16) 1184 | -10/Materials | Discovered new exit (range 10) 1615 | -10/Materials | Discovered new exit (range 3) 1881 | -10/Materials | Build established: Scavenger-Mutant 2450 | -10/Materials | Entered Subcaves 2549 | -10/Subcaves | Ambushed by Subdweller buried in earth 2549 | -10/Subcaves | Ambushed by Subdweller buried in earth 2560 | -10/Subcaves | Core integrity fell below 50% 2570 | -10/Subcaves | Ambushed by Subdweller buried in earth 2573 | -10/Subcaves | Core integrity fell below 20% 2575 | -10/Subcaves | Destroyed by ZI-TYN(R) with Subdweller Machine Gun Last Messages --------------- 02528_ I1-AXP(O) collects matter. 02549_ EM Pulse Gun destroyed. [Achievement: Do Not Disturb] 02550_ WQ-MEL(R): "ARGHSUB!" 02550_ ZI-TYN(R): "ARGHSUB!" 02559_ 1K-7RB(R) destroyed. 02562_ Aluminum Leg destroyed. 02563_ WQ-MEL(R) destroyed. 02564_ Lgt. Ion Engine destroyed. 02567_ ZI-TYN(R) affixes Scrap Shield Fragment to Scrap Shield. 02567_ UI-0XQ(R) affixes Scrap Shield Fragment to Scrap Shield. 02568_ Assault Rifle destroyed. 02569_ The unstable cave ceiling collapses. 02570_ Grenade Launcher destroyed. 02571_ FM-HSA(R): "ARGHSUB!" 02572_ Hacking Suite destroyed. 02573_ The unstable cave ceiling collapses. 02574_ EM Pulse Gun destroyed. Map ----- +----------------------------------------------------+ | ?????????????????????????????????# ##??????? | | ?????????????????????????????????## # #??????? | | ??????????????????????????????????### ##??????? | | ???????????????????????????????????# ###???????? | | ???????????????????????????????????# ##?????????? | | ??????????????????????????????????## #??????????? | | ?????????????????????????????????## # #??????????? | | ????????????????????????????????## # ##??????????? | | ???????????????????????????????## # ##???????????? | | ????????????????????##???????### # ##????????????? | | ???????????????????## ???????# # ##?????????????? | | ???????????????????? ??????# ## #??????????????? | | ????????????????????? ?????# ## #??????????????? | | ?????????????????????? ??? # ##??????????????? | | ???????????????????????# #?##### ##??????????????? | | ???????????????????????? #???# # ##?????????????? | | ????????????????????????? ####### #?????????????? | | ??????????????????????????# # # #?????????????? | | ??????????????????????????# #?????????????? | | ??????????????????????????## #?????????????? | | ??????????????????????????# R #?????????????? | | ?????????????????????????# #?????????????? | | ?????????????????????????## R #?????????????? | | ?????????????????????????# &! #?????????????? | | ????????????????????????##! # #???????????????? | | ???????????????????????##@ R####?????????????????? | | ???????????????????????# ##????????????????????? | | ???????????????????????# R##????????????????????? | | ???????????????????????## ##???????????????????? | | ????????????????????????# #???????????????????? | | ???????????????????????## ##??????????????????? | | ???????????????????????# #??????????????????? | | ????????????????????#??### #??????????????????? | | ???????????????????## #### ### ???????? | | ???????????# ### ???????? | | ???????????# ???????? | | ???????????# % ##### ##% ???????? | | ???????????### #????####??? ????????? | | ?????????????# ????????????? ?????????? | | ???????????# ???????????????????????? | | ???????????# ### ???????????????????????? | | ???????????## ???# ???????????????????????? | | ????????????## ????# ??????????????????????? | | ?????????????###?????## ??????????????????????? | | ??????????????????????# ??????????????????????? | | ?????????????????????? ??????????????????????? | | ?????????????????????? ?????????????????????? | | ??????????????????????"" #?????????????????????? | | ?????????????????????? """ #?????????????????????? | | ????????????????????????""""?????????????????????? | +----------------------------------------------------+ Best States ------------- Heat Dissipation 39 Energy Generation 10 Energy Capacity 125 Matter Stores 300 Matter Capacity 300 Sight Range 16 Terrain Scan Density 10 Evasion (%) 55 Offensive Hacking 10 Item Schematics ----------------- None Robot Schematics ------------------ None Fabricated ------------ Nothing Repaired ---------- Nothing Studied --------- None Alien Tech Used ----------------- None Achievements -------------- Do Not Disturb Challenges ------------ None Game ------ Seed CargoDisassembledAutohacker Manual? 0 Play Time 00:25:23 Cumulative 13.5 hours Start 2026.02.26 @ 13:47:20 End 2026.02.27 @ 09:12:54 Sessions 1 Manual Loads 0 Difficulty Rogue Special Mode None Game No. 17 Rogue 17 Adventurer 0 Explorer 0 Win Type - Total 0 Types 0/0/0/0/0/0/0/0/0/0 Lore% 7 Gallery% 12 Achievement% 12 Wizard Run 0 Options --------- Layout 2 ASCII 0 Keyboard 0 Movement Numpad Keybinds 0 Fullscreen 2 Font 24/X11 Map View 50x44 Zoom Use 0% Tactical HUD 1 Map Filters NONE Filters NONE Steam 1 RUN: 338a5a8a-6130-4a39-947d-97eaf7544e4b